 Dungeon Crawl Stone Soup version 0.29.1-13-g9f3cf754e1 (webtiles) character file.

Game seed: 16973577004368345676

14 bubby the Trooper (level 2, 0/26 HPs)
             Began as a Ghoul Fighter on Jan 20, 2023.
             Slain by a kobold
             ... wielding a +0 short sword
              (3 damage)
             ... on level 1 of the Dungeon.
             The game lasted 00:01:10 (291 turns).

bubby the Trooper (Ghoul Fighter)                    Turns: 291, Time: 00:01:10

Health: 0/26       AC:  6    Str: 19    XL:     2   Next: 45%
Magic:  1/1        EV:  9    Int:  3    God:
Gold:   7          SH:  4    Dex:  8    Spells: 1/1 levels left

rFire   . . .      SeeInvis .   a - +0 flail
rCold   + . .      Faith    .   c - +0 buckler
rNeg    + + +      Spirit   .   b - +0 scale mail
rPois   ∞          Reflect  .   (no helmet)
rElec   .          Harm     .   (no cloak)
rCorr   .          Rampage  .   (no gloves)
Will    .....                   (no boots)
Stlth   ..........              (no amulet)
HPRegen 0.00/turn               (no ring)
MPRegen 0.07/turn               (no ring)

@: inhibited regen
A: claws 1, cold resistance 1, negative energy resistance 3, inhibited
regeneration, torment resistance 2, devour on kill
a: no special abilities


You were on level 1 of the Dungeon.
You visited 1 branch of the dungeon, and saw 1 of its levels.

You collected 7 gold pieces.

Inventory:

Hand Weapons
 a - a +0 flail (weapon)
Armour
 b - a +0 scale mail (worn)
 c - a +0 buckler (worn)
 e - a +0 leather armour of fire resistance
Scrolls
 f - a scroll of identify {unknown}
Potions
 d - a potion of might
 g - a potion of flight {unknown}


   Skills:
 - Level 3.2 Fighting
 + Level 2.7 Maces & Flails
 - Level 2.6 Armour
 - Level 2.6 Shields


You had one spell level left.
You didn't know any spells.
Your spell library was empty.

Dungeon Overview and Level Annotations

Branches:
Dungeon (1/15)

Altars:


Innate Abilities, Weirdness & Mutations

You are immune to poison.
You have sharp fingernails.
Your flesh is cold resistant. (rC+)
You are immune to negative energy. (rN+++)
You do not regenerate when monsters are visible.
You are immune to unholy pain and torment.
You thrive by killing the living.


Message History

You block the goblin's attack. The kobold closely misses you.
The goblin barely misses you. The kobold barely misses you.
You closely miss the kobold.
The kobold is moderately wounded.
The kobold hits you but does no damage. The goblin closely misses you.
You barely miss the kobold.
The kobold is moderately wounded.
The kobold barely misses you. The goblin barely misses you.
The goblin hits you but does no damage. The kobold hits you but does no damage.
You closely miss the kobold.
The kobold is moderately wounded.
The kobold hits you with a +0 short sword.
The goblin hits you but does no damage.
You are too injured to fight recklessly!
You are too injured to fight recklessly!
You are too injured to fight recklessly!
You are too injured to fight recklessly!
You are too injured to fight recklessly!
You closely miss the kobold.
The kobold is moderately wounded.
The kobold hits you but does no damage. The goblin completely misses you.
You closely miss the kobold.
The kobold is moderately wounded.
The kobold hits you with a +0 short sword.
The goblin hits you with a +0 club. x2
* * * LOW HITPOINT WARNING * * *
The kobold closely misses you.
You barely miss the kobold.
The kobold hits you with a +0 short sword.
* * * LOW HITPOINT WARNING * * *
The goblin barely misses you.
You barely miss the goblin. The kobold hits you but does no damage.
You block the goblin's attack.
Unknown command.
You closely miss the goblin. The goblin barely misses you.
The kobold closely misses you.
You completely miss the goblin. The goblin barely misses you.
The kobold hits you but does no damage.
The kobold hits you with a +0 short sword.
You die...

...#### ......#
#.# .####.# #.#
.# #.# #.## .#
#.# ...# .# #.#
#.# #..# .# #.#
#.# #..# .# #.#
#.# #K$######
## #.# #.#
#@g...... #.#
#.# #..######
#.######.# #..#
#..).....###†.#
####..........#
#.#...###..#
#.#.#.........
..#........####
....#######)#


You could see a goblin and a kobold.

Vanquished Creatures
  2 giant cockroaches (D:1)
  2 goblins (D:1)
  2 hobgoblins (D:1)
  2 quokkas (D:1)
  A ball python (D:1)
  3 bats (D:1)
  A kobold (D:1)
  A rat (D:1)
14 creatures vanquished.

Notes
Turn   | Place    | Note
-------+----------+-------------------------------------------
     0 | D:1      | bubby the Ghoul Fighter began the quest for the Orb.
     0 | D:1      | Reached XP level 1. HP: 19/19 MP: 0/0
   213 | D:1      | Reached XP level 2. HP: 26/26 MP: 1/1
   291 | D:1      | Slain by a kobold

Illustrated notes

Levels and vault maps discovered:
D:1:      minmay_arrival_cross, layout_loops_ring, minmay_misc_feat_rugged

Skill      XL: |  1 |
---------------+----+-----
Maces & Flails | 2 |  2.7
Fighting       | |  3.2
Armour         | |  2.6
Shields        | |  2.6

Action                   || total
-------------------------++-------
Melee: Flail             ||    58
Armor: Scale mail        ||    46
Dodge: Dodged            ||    44
Block: Buckler           ||    15
